AoeStats
← 17_Neo_

Arabia

510307616Analyzed
1v1 RM · 2d ago on Sep 30, 2026· 37m 40s· 2 players
Game mode
Random Map
Map size
Tiny (2 player)
Population
200
Speed
Normal
Resources
Standard
Victory
Conquest
Starting age
Dark Age
Ending age
Imperial Age
RankedLock teamsTeams togetherTeam positionsShared explorationLock speedFull tech treeHidden civsTurbo modeCheats
Victory
Defeat
🇨🇴 Maya · Colombia
1738
+15
🇮🇹 Varangians · Italy
1713
-15
Apo
6:07 Loom
8:43 Feudal Age
9:24 Double-Bit Axe
14:36 Fletching
16:43 Bloodlines
19:09 Wheelbarrow
23:02 Castle Age
22:46 Padded Archer Armor
25:07 Bow Saw
26:52 Husbandry
27:16 Horse Collar
33:08 Husbandry
34:47 Scale Barding Armor
35:07 Gold Mining
35:34 Stone Mining
36:40 Chain Barding Armor
37:31 Forging
17_Neo_
0:27 Loom
9:44 Feudal Age
10:21 Double-Bit Axe
12:27 Horse Collar
14:14 Fletching
17:22 Wheelbarrow
22:03 Castle Age
20:51 Gold Mining
22:44 Bodkin Arrow
22:55 Thumb Ring
23:50 Padded Archer Armor
24:25 Ballistics
26:16 Bow Saw
32:59 Heavy Plow
33:53 Hand Cart
33:23 Town Watch
37:21 Imperial Age
34:52 Pikeman
36:05 Squires
36:05 Scale Mail Armor
36:16 Forging
36:22 Leather Archer Armor
36:00 Elite Skirmisher
37:10 Chain Mail Armor
37:43 Hul'che Javelineers
38:34 Iron Casting
39:03 Chemistry
38:46 Plate Mail Armor
Connection lost

Rejoining the realm…

Still unreachable

The connection could not be restored.

Session expired

The server has moved on; the page needs a fresh start.